 Dungeon Crawl Stone Soup version 0.30.0-3-ga4e48a9924 (webtiles) character file.

Game seed: 3479074214280542549

560 NinjaNoafa the Gusty (level 7, -1/36 HPs)
             Began as a Kobold Air Elementalist on May 8, 2023.
             Was a Follower of Vehumet.
             Slain by a black bear (11 damage)
             ... on level 5 of the Dungeon.
             The game lasted 00:20:21 (5158 turns).

NinjaNoafa the Gusty (Kobold Air Elementalist)      Turns: 5158, Time: 00:20:22

Health: -1/36      AC:  2    Str:  5    XL:     7   Next: 57%
Magic:  0/13       EV: 15    Int: 18    God:    Vehumet [*.....]
Gold:   293        SH:  0    Dex: 16    Spells: 4/14 levels left

rFire   + . .        a - +0 whip (vamp)
rCold   + . .        (no shield)
rNeg    . . .        d - +0 robe
rPois   .            (no helmet)
rElec   .            y - scarf {rC+ rF+}
rCorr   .            (no gloves)
SInv    .            (no boots)
Will    .....        (no amulet)
Stlth   +++          e - ring of flight
HPRegen 0.26/turn    (no ring)
MPRegen 0.13/turn

%: no passive effects
@: flying, very slightly contaminated
A: small, no large weapons, nightstalker 3
a: Renounce Religion


You were on level 5 of the Dungeon.
You worshipped Vehumet.
Vehumet was aware of your devotion.
You visited 2 branches of the dungeon, and saw 6 of its levels.

You collected 293 gold pieces.

Inventory:

Hand Weapons
 a - a +0 vampiric whip (weapon)
Missiles
 m - 16 poisoned darts
 v - 3 boomerangs
Armour
 d - a +0 robe (worn)
 y - a scarf of resistance (worn)
Magical Staves
 b - a staff of death
 c - a staff of fire
Jewellery
 e - a ring of flight (left hand)
Wands
 z - a wand of charming (9)
Scrolls
 g - a scroll of noise
 h - a scroll of butterflies {unknown}
 i - a scroll of blinking
 j - 2 scrolls of fog
 l - a scroll of poison
 p - a scroll of enchant armour {unknown}
 q - a scroll of magic mapping {unknown}
 s - 2 scrolls of amnesia {unknown}
 u - 3 scrolls of identify {unknown}
 w - 2 scrolls of immolation {unknown}
 C - a scroll of silence {unknown}
 D - a scroll of fear {unknown}
Potions
 f - a potion of berserk rage
 k - a potion of resistance {unknown}
 n - a potion of haste {unknown}
 o - a potion of cancellation {unknown}
 r - 2 potions of lignification {unknown}
 t - 2 potions of mutation {unknown}
 x - a potion of might {unknown}
 A - a potion of ambrosia {unknown}
 B - a potion of heal wounds {unknown}


   Skills:
 - Level 0.2 Fighting
 - Level 2.4 Dodging
 - Level 2.7 Stealth
 + Level 4.0 Spellcasting
 - Level 4.1 Conjurations
 + Level 5.7 Air Magic
 - Level 1.8 Evocations


You had 4 spell levels left.
You knew the following spells:

 Your Spells              Type           Power      Damage    Failure   Level
a - Shock                 Conj/Air       84%        1d8       1%          1
b - Static Discharge      Conj/Air       42%        2-4/arc   3%          2
c - Swiftness             Air            24%        N/A       4%          3
d - Airstrike             Air            12%        2d(2-18)  14%         4

Your spell library contained the following spells:

 Spells                   Type           Power      Damage    Failure   Level
 Foxfire                  Conj/Fire      44%        2x1d6     6%          1
 Kiss of Death            Conj/Necr      44%        2d8       6%          1
 Poisonous Vapours        Pois/Air       28%        N/A       7%          2
 Sting                    Tmut/Pois      12%        1d3       14%         1
 Lesser Beckoning         Tloc           6%         N/A       22%         2
 Confusing Touch          Hex            3%         N/A       41%         3
 Gell's Gravitas          Tloc           3%         N/A       41%         3
 Teleport Other           Tloc           3%         N/A       41%         3
 Dispel Undead            Necr           3%         3d7       82%         4
 Olgreb's Toxic Radiance  Pois           3%         N/A       82%         4


Dungeon Overview and Level Annotations

Branches:
Dungeon (5/15) Zot: 25025  Temple (1/1) D:4 Zot: 5800

Altars:
Dithmenos
Elyvilon
Fedhas
Hepliaklqana
Makhleb
Nemelex Xobeh
Okawaru
Qazlal
Sif Muna
Trog
Vehumet
Xom
Yredelemnul
Zin

Annotations:
D:3 Grinder


Innate Abilities, Weirdness & Mutations

You are small and have problems with some larger weapons.
You are completely attuned to the shadows.


Message History

Confirm with . or Enter, or press ? or * to list all spells.
Aiming: Airstrike (quite dangerous; 14% risk of failure)
Press: ? - help, Dir - move target, f/p - black bear
Aim: a black bear (lightly wounded, empty space bonus: 7/8)
You miscast Airstrike.
You are caught in an explosion of electrical discharges.
The black bear closely misses you. The black bear misses you.
The black bear barely misses you.
Casting: Airstrike (quite dangerous; 14% risk of failure)
Confirm with . or Enter, or press ? or * to list all spells.
Aiming: Airstrike (quite dangerous; 14% risk of failure)
Press: ? - help, Dir - move target, f/p - black bear
Aim: a black bear (lightly wounded, empty space bonus: 7/8)
The air twists around and strikes the black bear!!
The black bear is almost dead.
The black bear goes berserk!
You hit the black bear.
The black bear is almost dead.
The black bear barely misses you. The black bear completely misses you.
The black bear closely misses you. The black bear barely misses you.
The black bear claws you.
* * * LOW HITPOINT WARNING * * *
The black bear claws you.
* * * LOW HITPOINT WARNING * * *
Unknown command.
Unknown command.
You hit the black bear.
The black bear is almost dead.
The black bear barely misses you. The black bear closely misses you.
The black bear claws you.
* * * LOW HITPOINT WARNING * * *
Unknown command.
Unknown command.
Aiming: Shock (safe; 1% risk of failure)
Press: ? - help, Q - select action, (/) - cycle Shift-Dir - straight line, f/p - black bear
Aim: a black bear (almost dead, berserk, 81% to hit)
The zap hits the black bear.
The black bear is almost dead.
The black bear bites you!
You die...

## #..##### #...#..
#.......# ##...#..
........#.# #.....#
#....h@....##....# ..
#..........#....###....
#....###...##..........
##.#..#...####....#... #
##.##...# #....#.###
####.....).##.........#
#..##..#?......###.....
##......##......###.....
#...##..#........##.....


You could see a black bear (berserk).

Vanquished Creatures
  An ogre (D:5)
  A scorpion (D:5)
  An orc priest (D:5)
  A gnoll bouda (D:4)
  4 orc wizards
  7 gnolls
  6 adders
  A white imp (D:5)
  2 worms
  4 dart slugs
  8 orcs
  8 endoplasms
  8 giant cockroaches
  7 goblins
  12 hobgoblins
  9 jackals
  8 kobolds
  4 quokkas
  7 ball pythons
  10 bats
  2 frilled lizards
  5 rats
116 creatures vanquished.

Vanquished Creatures (others)
  An adder (D:5)
  A quokka (D:5)
  2 fungi (D:4)
  A plant (D:4)
5 creatures vanquished.

Grand Total: 121 creatures vanquished

Notes
Turn   | Place    | Note
-------+----------+-------------------------------------------
     0 | D:1      | NinjaNoafa the Kobold Air Elementalist began the quest for
                  | the Orb.
     0 | D:1      | Reached XP level 1. HP: 10/10 MP: 3/3
   168 | D:1      | Reached XP level 2. HP: 12/15 MP: 0/5
   294 | D:1      | Learned a level 2 spell: Static Discharge
   393 | D:1      | Reached XP level 3. HP: 17/19 MP: 6/6
  1250 | D:2      | Reached XP level 4. HP: 21/24 MP: 7/7
  1573 | D:2      | Reached skill level 4 in Air Magic
  2032 | D:3      | Noticed a scorpion
  2042 | D:3      | HP: 1/24 [bat (1)]
  2259 | D:3      | Reached XP level 5. HP: 25/28 MP: 4/8
  2973 | D:3      | Found a shadowy altar of Dithmenos.
  2976 | D:3      | Noticed Grinder
  3028 | D:4      | Learned a level 3 spell: Swiftness
  3083 | D:4      | Found a radiant altar of Vehumet.
  3189 | D:4      | Became a worshipper of Vehumet
  3241 | D:4      | Found a blossoming altar of Fedhas.
  3271 | D:4      | Found a staircase to the Ecumenical Temple.
  3416 | D:4      | You are sucked into a shaft and drop 1 floor!
  3416 | D:5      | Entered Level 5 of the Dungeon
  3425 | D:5      | Noticed an ogre
  3684 | D:4      | Reached XP level 6. HP: 18/32 MP: 3/9
  3832 | D:4      | Reached skill level 5 in Air Magic
  3957 | D:4      | Noticed a sky beast
  3999 | D:4      | Reached skill level 1 in Evocations
  4066 | D:4      | Learned a level 4 spell: Airstrike
  4121 | Temple   | Entered the Ecumenical Temple
  4351 | D:5      | Reached XP level 7. HP: 14/36 MP: 1/11
  4372 | D:5      | Reached * piety under Vehumet
  4372 | D:5      | Offered knowledge of Foxfire by Vehumet.
  5158 | D:5      | Slain by a black bear

Illustrated notes

Levels and vault maps discovered:
D:1:      lightli_arrival_noodles, layout_basic
D:2:      layout_loops_corners
D:3:      minmay_chambers_of_threes, layout_loops_ring,
          nicolae_dithmenos_through_a_glass_darkly, uniq_grinder
D:4:      layout_loops_corners, cheibrodos_worm_habitat, fedhas_altar_3,
          nicolae_vehumet_altar_sigil, minmay_temple_entry_offerings,
          ebering_ghost_reflecting_pool, nicolae_nh_ransacked_shop
D:5:      layout_cave_pools
Temple:   nicolae_temple_bog_church

Skill      XL: |  1  2  3  4  5  6  7 |
---------------+----------------------+-----
Conjurations   | 2 3 4 |  4.1
Air Magic      | 4 5 |  5.7
Evocations     | 1 |  1.8
Spellcasting   | 3 4 |  4.0
Fighting       | |  0.2
Dodging        | |  2.4
Stealth        | |  2.7

Action                     |  1- 3 |  4- 6 |  7- 9 || total
---------------------------+-------+-------+-------++-------
  Melee: Unarmed           |     6 |       |       ||     6
         Short sword       |    75 |    98 |     3 ||   176
         Punch             |       |     1 |       ||     1
         Whip              |       |       |    17 ||    17
   Cast: Shock             |    15 |    86 |    27 ||   128
         Static Discharge  |     3 |     9 |     3 ||    15
         Swiftness         |       |     2 |     2 ||     4
         Airstrike         |       |       |     2 ||     2
  Evoke: Wand              |       |     1 |     2 ||     3
    Use: Potion            |       |     2 |     1 ||     3
         Scroll            |       |     4 |     2 ||     6
   Stab: Sleeping          |    14 |    19 |       ||    33
 Armour: Robe              |    11 |    29 |     3 ||    43
  Dodge: Dodged            |    86 |   145 |    46 ||   277
